 Dungeon Sprint DCSS version 0.30.1-11-g7821555f0a (webtiles) character file.

Game seed: 14100917210490610019

62038 Heoruswealwe the Minotaur Porcupine (level 14, -4/163 HPs)
             Began as a Minotaur Fighter on Nov 5, 2023.
             Was an Initiate of Gozag.
             Slain by a death scarab (7 damage)
             ... summoned by a royal mummy
             ... in the Dungeon (Sprint IX: "|||||||||||||||||||||||||||||").
             The game lasted 00:43:06 (4103 turns).

Heoruswealwe the Minotaur Porcupine (MiFi)          Turns: 4103, Time: 00:43:08

Health: -4/163     AC: 30    Str: 29    XL:     14   Next: 62%
Magic:  13/13      EV: 12    Int:  5    God:    Gozag
Gold:   3151       SH:  0    Dex: 10    Spells: 13/13 levels left

rFire   . . .        b - +13 scythe of Curses {drain, curses, Drain}
rCold   . . .        (shield currently unavailable)
rNeg    . . .        c - +2 plate armour {rPois}
rPois   +            (helmet restricted)
rElec   .            h - +0 cloak
rCorr   .            f - +0 pair of gloves
SInv    .            e - +0 pair of boots
Will    +....        (no amulet) Stlth
                     k - +3 ring of strength
HPRegen 0.47/turn    (no ring)
MPRegen 0.13/turn

%: no teleportation
@: marked, gold aura
A: horns 2, retaliatory headbutt
a: Renounce Religion, Potion Petition, Call Merchant, Bribe Branch


You were in the Dungeon.
You worshipped Gozag.
Gozag was most pleased with you.
You visited 1 branch You collected 16712 gold pieces.
You spent 6186 gold pieces at shops.
You paid 7375 gold pieces to Gozag.

Inventory:

Hand Weapons
 a - a +0 trident
 b - the +13 scythe of Curses (weapon) {drain, curses, Drain}
   (You bought it in a shop in the Dungeon)

   Drain:     It drains your maximum health when unequipped.
 s - a +2 vampiric glaive
 y - the +5 glaive of the Guard {elec, spectral, AC+5}
   (You found it in the Dungeon)

   AC:        It affects your AC (+5).
Armour
 c - a +2 plate armour of poison resistance (worn)
 d - the +10 tower shield of Ignorance {rN+ Int-4}
   (You found it in the Dungeon)

   Int:       It affects your intelligence (-4).
   rN:        It protects you from negative energy.
 e - a +0 pair of boots (worn)
 f - a +0 pair of gloves (worn)
 h - a +0 cloak (worn)
Jewellery
 k - a +3 ring of strength (left hand)
Wands
 j - a wand of light (4)
 l - a wand of iceblast (10)
 v - a wand of paralysis (6)
Scrolls
 n - 7 scrolls of identify
 o - 2 scrolls of enchant armour
 p - 10 scrolls of enchant weapon
 x - 5 scrolls of blinking
Potions
 i - 3 potions of curing
 m - 3 potions of might
 q - 2 potions of mutation
 z - a potion of resistance
Miscellaneous
 g - a condenser vane
 t - a piece from Xom's chessboard (15/15)
 u - a box of beasts
 w - a phial of floods


   Skills:
 + Level 25.9 Fighting
 O Level 27 Polearms
 + Level 25.9 Armour
 + Level 10.5 Dodging
 + Level 12.1 Shields
 + Level 8.9 Evocations


You had 13 spell levels left.
You didn't know any spells.
Your spell library was empty.

Dungeon Overview and Level Annotations

Branches:
Dungeon (1/1)

Altars:
Cheibriados
Dithmenos
Elyvilon
Fedhas
Gozag
Hepliaklqana
Kikubaaqudgha
Makhleb
Nemelex Xobeh
Okawaru
Qazlal
Ru
Sif Muna
Trog
Uskayaw
Vehumet
Wu Jian
Xom
Yredelemnul
Zin
The Shining One
Jiyva
Lugonu

Shops:
D *?*?((***(=


Innate Abilities, Weirdness & Mutations

You have a pair of horns on your head.
You reflexively headbutt those who attack you in melee.


Message History

Blink to where?
Press: ? - help, Dir - move target
As you read the scroll of blinking, it crumbles to dust.
You now have 3151 gold pieces (gained 54).
Things that are here:
a +0 dire flail; a +0 ring mail
There is an open door to the Vaults here.
You close the door.
You start resting.
The royal mummy calls on the powers of darkness!
The green draconian convulses!
The vault guard convulses!
The naga mage convulses!
Your body is wracked with pain!
* * * LOW HITPOINT WARNING * * *
Okay, then.
The vault guard barely misses you.
There is a broken door to the Vaults here.
You impale the vault guard!! You drain the vault guard.
The vault guard looks incredibly listless.
The vault guard seems to slow down.
Your headbutt misses the vault guard.
The vault guard is almost dead.
You impale the vault guard!!
You kill the vault guard!
The royal mummy gestures wildly while chanting.
Items here: $ )) [[.
You perforate the royal mummy like a sieve!!!
You headbutt the royal mummy, but do no damage.
The royal mummy is moderately damaged.
The death scarab bites you!
* * * LOW HITPOINT WARNING * * *
The death scarab draws strength from your injuries!
The royal mummy hits you.
* * * LOW HITPOINT WARNING * * *
You slice the royal mummy!!
You headbutt the royal mummy, but do no damage.
The royal mummy is moderately damaged.
The royal mummy hits you!!
* * * LOW HITPOINT WARNING * * *
The death scarab bites you!
You die...
Your body crumbles into a pile of gold.

.▓.▓)▓.▓[▓.▓.▓.▓)▓,*,*,*,*,*,*,*,
.▓.▓[▓.▓[▓.▓.▓.▓)▓,*,*,*,*,*,*,*,
'▓.▓)▓.▓[▓.▓.▓.▓.▓,*,*,*,*,*,*,*,
.▓.▓)▓.▓.▓.▓.▓.▓.▓,*,*,*,*,*,*,*,
.▓.▓.▓.▓.▓.▓.▓.▓(▓,*,*,*,*,*,*,*,
.▓.▓.▓.▓.▓.▓.▓.▓.▓,*,*,*,*,*,*,*,
.▓.▓)▓.▓.▓.▓'▓.▓.▓,*,*,*+*,*,*,*,
.▓.▓.▓.▓.▓.▓)▓.▓B▓,*,*,*,*,*+*,*,
.▓.▓.▓.▓.▓.▓.▓.▓@▓,*,*,*,*,*$*,*,
.▓.▓.▓.▓.▓.▓)▓.▓M▓,*,*,*,*,*,*,*,
.▓.▓.▓.▓.▓.▓.▓.▓d▓,*,*,*,*,*,*,*,
.▓.▓'▓.▓.▓.▓)▓.▓N▓,*,*,*,*,*,*,*,
'▓.▓)▓.▓.▓.▓)▓.▓$▓,*,*,*,*,*,*,*,
.▓.▓?▓.▓'▓.▓.▓.▓$▓,*,*,*,*,*,*,*,
.▓.▓.▓.▓(▓.▓)▓.▓$▓,*,*,*,*,*,*,*,
.▓.▓.▓.▓)▓.▓.▓.▓$▓,*,*,*,*,*$*,*,
.▓.▓.▓.▓(▓.♣'♣.▓§▓,*,*,*,*,*$*,*,


You could see a royal mummy, a green draconian, a naga mage and a death scarab
(summoned).

Vanquished Creatures
  2 vault wardens (D)
  2 frost giants (D)
  An orc warlord (D)
  A spriggan defender (D)
  2 ironbound preservers (D)
  5 stone giants (D)
  A very ugly thing (D)
  2 eleionomae (D)
  Nessos (D)
  2 vampire knights (D)
  A dire elephant (D)
  A spark wasp (D)
  3 merfolk impalers (D)
  A yaktaur captain (D)
  A great orb of eyes (D)
  2 fire dragons (D)
  A vault guard (D)
  3 rakshasas (D)
  An ice dragon (D)
  A salamander tyrant (D)
  4 hydras (D)
  A ghost crab (D)
  An alligator (D)
  An anaconda (D)
  A spriggan air mage (D)
  2 ironbound frosthearts (D)
  Erica (D)
  A jorogumo (D)
  5 centaur warriors (D)
  2 tengu warriors (D)
  A satyr (D)
  A two-headed ogre (D)
  A deep troll shaman (D)
  A naga warrior (D)
  A deep troll earth mage (D)
  6 orc high priests (D)
  2 shock serpents (D)
  A pharaoh ant (D)
  A sea snake (D)
  A skeletal warrior (D)
  A skyshark (D)
  2 wizards (D)
  4 ironbound convokers (D)
  A steelbarb worm (D)
  A harpy (D)
  A necromancer (D)
  A salamander (D)
  A deep elf pyromancer (D)
  3 orc knights (D)
  2 orc sorcerers (D)
  A manticore (D)
  2 cyclopes (D)
  3 black mambas (D)
  4 vault sentinels (D)
  A demonic crawler (D)
  3 cane toads (D)
  A rime drake (D)
  An efreet (D)
  2 polar bears (D)
  A tarantella (D)
  A merfolk (D)
  2 blink frogs (D)
  2 snapping turtles (D)
  2 slime creatures (D)
  A wyvern (D)
  5 yaks (D)
  A human (shapeshifter) (D)
  Grum (D)
  4 redbacks (D)
  An acid dragon (D)
  2 nagas (D)
  2 water moccasins (D)
  6 black bears (D)
  4 wolves (D)
  6 orc warriors (D)
  2 centaurs (D)
  A bullfrog (D)
  A gnoll sergeant (D)
  A scorpion (D)
  A howler monkey (D)
  10 orc priests (D)
  A hound (D)
  5 orc wizards (D)
  2 adders (D)
  A dart slug (D)
  8 orcs (D)
  A giant cockroach (D)
  A kobold (D)
  2 rats (D)
182 creatures vanquished.

Vanquished Creatures (others)
  A goliath frog (D)
  A will-o-the-wisp (D)
  A foxfire (D)
3 creatures vanquished.

Grand Total: 185 creatures vanquished

Notes
Turn   | Place    | Note
-------+----------+-------------------------------------------
     0 | D        | Heoruswealwe the Minotaur Fighter began the quest for the
                  | Orb.
     0 | D        | Reached XP level 1. HP: 19/19 MP: 0/0
    14 | D        | Reached skill level 3 in Polearms
    42 | D        | Noticed a scorpion
    42 | D        | Noticed a hound
    47 | D        | Reached skill level 4 in Polearms
    47 | D        | Reached XP level 2. HP: 28/28 MP: 1/1
    51 | D        | Reached skill level 5 in Polearms
    69 | D        | Killed a scorpion
    70 | D        | Reached skill level 7 in Polearms
    70 | D        | Reached XP level 3. HP: 18/37 MP: 2/2
    70 | D        | Reached XP level 4. HP: 22/44 MP: 3/3
    77 | D        | Reached skill level 8 in Polearms
    94 | D        | Found a snail-covered altar of Cheibriados.
    94 | D        | Found a shadowy altar of Dithmenos.
    94 | D        | Found a white marble altar of Elyvilon.
    94 | D        | Found a blossoming altar of Fedhas.
    94 | D        | Found an opulent altar of Gozag.
    95 | D        | Found a hazy altar of Hepliaklqana.
    96 | D        | Found a viscous altar of Jiyva.
    97 | D        | Found an ancient bone altar of Kikubaaqudgha.
    98 | D        | Found a corrupted altar of Lugonu.
    99 | D        | Found a burning altar of Makhleb.
   100 | D        | Found a sparkling altar of Nemelex Xobeh.
   101 | D        | Found an iron altar of Okawaru.
   102 | D        | Became a worshipper of Gozag Ym Sagoz the Greedy
   103 | D        | Found a stormy altar of Qazlal.
   104 | D        | Found a sacrificial altar of Ru.
   105 | D        | Found a shimmering blue altar of Sif Muna.
   106 | D        | Found a bloodstained altar of Trog.
   107 | D        | Found a hide-covered altar of Uskayaw.
   108 | D        | Found a radiant altar of Vehumet.
   109 | D        | Found an ornate altar of the Wu Jian Council.
   110 | D        | Found a shimmering altar of Xom.
   111 | D        | Found a basalt altar of Yredelemnul.
   112 | D        | Found a glowing silver altar of Zin.
   113 | D        | Found a glowing golden altar of the Shining One.
   169 | D        | Noticed an acid dragon
   169 | D        | Noticed a centaur
   169 | D        | Noticed a centaur
   169 | D        | Noticed a two-headed ogre
   169 | D        | Noticed a yak
   169 | D        | Noticed a gnoll sergeant
   177 | D        | Killed an acid dragon
   178 | D        | Reached skill level 10 in Polearms
   178 | D        | Reached XP level 5. HP: 19/53 MP: 4/4
   181 | D        | Killed a two-headed ogre
   182 | D        | Reached skill level 10 in Fighting
   182 | D        | Reached skill level 14 in Polearms
   182 | D        | Reached skill level 10 in Armour
   182 | D        | Reached XP level 6. HP: 32/67 MP: 5/5
   182 | D        | Reached XP level 7. HP: 35/73 MP: 6/6
   193 | D        | Killed a yak
   194 | D        | Reached XP level 8. HP: 38/82 MP: 7/7
   199 | D        | Reached skill level 15 in Polearms
   328 | D        | Noticed a centaur warrior
   328 | D        | Noticed a centaur warrior
   328 | D        | Noticed a centaur warrior
   328 | D        | Noticed a cyclops
   338 | D        | Killed a centaur warrior
   339 | D        | Reached skill level 16 in Polearms
   349 | D        | Killed a centaur warrior
   350 | D        | Reached skill level 17 in Polearms
   350 | D        | Reached XP level 9. HP: 35/93 MP: 8/8
   355 | D        | Killed a centaur warrior
   356 | D        | Reached skill level 18 in Polearms
   357 | D        | HP: 3/94 [cyclops/large rock (18)]
   364 | D        | Killed a cyclops
   735 | D        | Noticed a cane toad
   737 | D        | Noticed a cane toad
   741 | D        | Killed a cane toad
   742 | D        | Reached skill level 19 in Polearms
   743 | D        | Noticed a black mamba
   749 | D        | Reached XP level 10. HP: 104/104 MP: 9/9
   757 | D        | Killed a cane toad
   762 | D        | Killed a black mamba
   763 | D        | Reached skill level 15 in Fighting
   763 | D        | Reached skill level 20 in Polearms
   763 | D        | Reached skill level 15 in Armour
   774 | D        | Noticed a five-headed hydra
   774 | D        | Noticed a cane toad
   774 | D        | Noticed a skyshark
   782 | D        | Killed an eight-headed hydra
   784 | D        | Noticed a black mamba
   789 | D        | Killed a cane toad
   790 | D        | Reached skill level 21 in Polearms
   796 | D        | Killed a skyshark
   810 | D        | Killed a black mamba
  1014 | D        | Reached XP level 11. HP: 114/114 MP: 10/10
  1021 | D        | Reached skill level 22 in Polearms
  1141 | D        | Noticed Grum
  1149 | D        | Killed Grum
  1296 | D        | Noticed an orc sorcerer
  1296 | D        | Noticed an orc sorcerer
  1296 | D        | Noticed an orc knight
  1296 | D        | Noticed an orc knight
  1298 | D        | Killed an orc sorcerer
  1302 | D        | Paralysed by an orc sorcerer for 2 turns
  1305 | D        | Killed an orc sorcerer
  1306 | D        | Noticed an orc knight
  1309 | D        | Killed an orc knight
  1310 | D        | Reached skill level 23 in Polearms
  1318 | D        | Killed an orc knight
  1330 | D        | Killed an orc knight
  1581 | D        | Found Nodeom's Assorted Antiques.
  1581 | D        | Noticed an orc high priest
  1581 | D        | Noticed an orc high priest
  1581 | D        | Noticed an orc high priest
  1583 | D        | Noticed an orc high priest
  1592 | D        | Killed an orc high priest
  1593 | D        | Noticed an orc high priest
  1598 | D        | Found Saih's Magic Scroll Shoppe.
  1604 | D        | Killed an orc high priest
  1605 | D        | Reached skill level 24 in Polearms
  1606 | D        | Found Annogen's Assorted Antiques.
  1611 | D        | Killed an orc high priest
  1617 | D        | Killed an orc high priest
  1618 | D        | Found Faecsuy's Magic Scroll Shoppe.
  1622 | D        | Killed an orc high priest
  1627 | D        | Noticed an orc high priest
  1629 | D        | Noticed a sixfirhy
  1635 | D        | Noticed a sun demon
  1639 | D        | Killed an orc high priest
  1712 | D        | Bought a scroll labelled HIUCRIRIEPP for 23 gold pieces
  1712 | D        | Bought a scroll of identify for 46 gold pieces
  1712 | D        | Bought a red potion for 20 gold pieces
  1716 | D        | Bought a potion of heal wounds for 145 gold pieces
  1716 | D        | Bought 2 scrolls labelled TATHAF NU OQU for 58 gold pieces
  1716 | D        | Bought a scroll of enchant weapon for 217 gold pieces
  1716 | D        | Bought 2 white potions for 52 gold pieces
  1716 | D        | Bought a red potion for 26 gold pieces
  1730 | D        | Bought a scroll of blinking for 82 gold pieces
  1730 | D        | Bought a scroll of identify for 22 gold pieces
  1730 | D        | Bought a scroll of enchant weapon for 82 gold pieces
  1730 | D        | Bought a scroll of acquirement for 572 gold pieces
  1730 | D        | Bought a scroll of identify for 22 gold pieces
  1730 | D        | Bought a scroll of identify for 22 gold pieces
  1730 | D        | Bought a scroll of poison for 44 gold pieces
  1734 | D        | Bought 2 scrolls of immolation for 104 gold pieces
  1734 | D        | Bought a scroll of identify for 26 gold pieces
  1734 | D        | Bought a scroll of identify for 26 gold pieces
  1734 | D        | Bought a scroll of blinking for 97 gold pieces
  1734 | D        | Bought a scroll of identify for 26 gold pieces
  1734 | D        | Bought a scroll of enchant weapon for 97 gold pieces
  1734 | D        | Bought a scroll of identify for 26 gold pieces
  1734 | D        | Bought 2 scrolls of magic mapping for 195 gold pieces
  1773 | D        | Bought a scroll of blinking for 127 gold pieces
  1773 | D        | Bought a condenser vane for 680 gold pieces
  1773 | D        | Bought the +13 scythe of Curses {drain, curses, Drain} for
                  | 1360 gold pieces
  1773 | D        | Found the +13 scythe of Curses {drain, curses, Drain}
  1773 | D        | Bought a piece from Xom's chessboard (15/15) for 340 gold
                  | pieces
  1773 | D        | Bought a potion of might for 68 gold pieces
  1776 | D        | Bought a scroll of enchant weapon for 97 gold pieces
  1776 | D        | Bought a wand of paralysis (6) for 187 gold pieces
  1776 | D        | Bought a potion of curing for 39 gold pieces
  1780 | D        | Acquired 1123 gold pieces
  1784 | D        | Bought a box of beasts for 520 gold pieces
  1784 | D        | Bought a phial of floods for 520 gold pieces
  1871 | D        | Found the +5 glaive of the Guard {elec, spectral, AC+5}
  1878 | D        | Found the +10 tower shield of Ignorance {rN+ Int-4}
  2017 | D        | Noticed a skeletal warrior
  2017 | D        | Noticed a deep elf pyromancer
  2019 | D        | Noticed a centaur warrior
  2020 | D        | Reached XP level 12. HP: 128/128 MP: 11/11
  2027 | D        | Reached skill level 25 in Polearms
  2036 | D        | Noticed a stone giant
  2039 | D        | Noticed a fire dragon
  2045 | D        | Killed a stone giant
  2047 | D        | Noticed a tengu warrior
  2051 | D        | Noticed a vampire knight
  2055 | D        | Killed a centaur warrior
  2059 | D        | Noticed a stone giant
  2064 | D        | Killed a fire dragon
  2065 | D        | Reached skill level 26 in Polearms
  2069 | D        | Killed a tengu warrior
  2072 | D        | Killed a vampire knight
  2075 | D        | Noticed a stone giant
  2078 | D        | Killed a stone giant
  2086 | D        | Killed a stone giant
  2272 | D        | Bought a wand of light (4) for 218 gold pieces
  2494 | D        | Noticed a salamander tyrant
  2494 | D        | Noticed an anaconda
  2497 | D        | Killed a salamander tyrant
  2501 | D        | Reached skill level 27 in Polearms
  2502 | D        | Killed an anaconda
  2503 | D        | Noticed a naga warrior
  2524 | D        | Killed a naga warrior
  2653 | D        | Reached XP level 13. HP: 133/143 MP: 12/12
  2889 | D        | Noticed a merfolk impaler
  2890 | D        | Noticed a merfolk impaler
  2897 | D        | Noticed a merfolk impaler
  2908 | D        | Killed a merfolk impaler
  2911 | D        | Killed a merfolk impaler
  2926 | D        | Killed a merfolk impaler
  3195 | D        | Noticed an eleionoma
  3197 | D        | Noticed an eleionoma
  3199 | D        | Killed an eleionoma
  3204 | D        | Killed an eleionoma
  3337 | D        | Noticed Erica
  3343 | D        | Killed Erica
  3344 | D        | Reached skill level 1 in Dodging
  3344 | D        | Reached skill level 1 in Evocations
  3384 | D        | Noticed Nessos
  3393 | D        | Killed Nessos
  3550 | D        | Noticed a cyan very ugly thing
  3553 | D        | Killed a cyan very ugly thing
  3554 | D        | Reached skill level 5 in Shields
  3558 | D        | Noticed a frost giant
  3569 | D        | Noticed a vampire knight
  3570 | D        | Noticed a vampire knight
  3571 | D        | Noticed a spriggan defender
  3574 | D        | Noticed a stone giant
  3576 | D        | Reached skill level 5 in Dodging
  3578 | D        | Killed a frost giant
  3580 | D        | Noticed a frost giant
  3582 | D        | Noticed a fire dragon
  3586 | D        | Killed a vampire knight
  3589 | D        | Killed a spriggan defender
  3590 | D        | Reached skill level 5 in Evocations
  3590 | D        | Reached XP level 14. HP: 66/160 MP: 13/13
  3591 | D        | Noticed a stone giant
  3594 | D        | Killed a stone giant
  3599 | D        | Noticed a stone giant
  3602 | D        | Killed a frost giant
  3622 | D        | Killed a stone giant
  3921 | D        | Noticed an ironbound preserver
  3926 | D        | Killed an ironbound preserver
  3935 | D        | Reached skill level 10 in Shields
  3943 | D        | Noticed an orc warlord
  3957 | D        | Noticed a vault warden
  3965 | D        | Killed an orc warlord
  3968 | D        | Noticed a vault warden
  3969 | D        | Noticed an ironbound preserver
  3980 | D        | Killed an ironbound preserver
  3983 | D        | Killed a vault warden
  3984 | D        | Reached skill level 10 in Dodging
  3993 | D        | Killed a vault warden
  3995 | D        | Noticed an emperor scorpion
  3995 | D        | Noticed a royal mummy
  4103 | D        | HP: 3/163 [royal mummy (18)]
  4103 | D        | Slain by a death scarab

Illustrated notes

Levels and vault maps discovered:
D:        linesprint [early_d, line_temple, items_1, d_10, items_2, lair_1,
          lair_end, items_3, orc_1, orc_end, items_4, d_15, swamp_1, shoals_1,
          snake_1, spider_1, d_20, vaults_1, items_5, swamp_end, shoals_end,
          snake_end, spider_end, vaults_end, d_27, items_6, zot_1, zot_end,
          crypt_end, forest_end, elf_end, slime_end, tomb_end, abyss_end,
          pan_hell_end]

Skill      XL: |  1  2  3  4  5  6  7  8  9 10 11 12 13 14 |
---------------+-------------------------------------------+-----
Fighting       | 4 6 8 10 11 13 14 16 18 21 24 25 | 25.9
Polearms       | 4 7 10 14 17 19 21 24 27 | 27.0
Armour         | 4 6 8 10 11 13 14 16 18 21 24 25 | 25.9
Dodging        | 6 10 | 10.5
Shields        | 7 12 | 12.1
Evocations     | 5 8 |  8.9

Action                     |  1- 3 |  4- 6 |  7- 9 | 10-12 | 13-15 || total
---------------------------+-------+-------+-------+-------+-------++-------
  Melee: Trident           |    39 |     7 |       |       |       ||    46
         Headbutt          |     5 |     3 |     8 |    45 |    53 ||   114
         Halberd           |       |    11 |    53 |   155 |       ||   219
         Glaive            |       |       |       |    44 |       ||    44
         Scythe            |       |       |       |    79 |   198 ||   277
 Invoke: Call Merchant     |       |       |       |     5 |     2 ||     7
    Use: Potion            |     1 |     1 |     6 |     5 |     2 ||    15
         Scroll            |       |       |       |     5 |     2 ||     7
   Stab: Distracted        |       |       |       |     4 |     4 ||     8
 Armour: Scale mail        |     9 |     5 |       |       |       ||    14
         Chain mail        |       |     6 |    46 |    52 |       ||   104
         Plate armour      |       |       |       |    41 |   109 ||   150
  Dodge: Dodged            |    18 |     8 |    18 |    68 |    50 ||   162
  Block: Buckler           |     6 |       |       |       |       ||     6
